 Dungeon Crawl Stone Soup version 0.27.0-1-g7a08968 (webtiles) character file.

Game seed: 17271388524442479262

164 GeorgeSoros the Vexing (level 5, 0/39 HPs)
             Began as a Barachi Arcane Marksman on Aug 13, 2021.
             Slain by an orc (9 damage)
             ... on level 3 of the Dungeon.
             The game lasted 00:15:33 (4762 turns).

GeorgeSoros the Vexing (Barachi Arcane Marksman)    Turns: 4762, Time: 00:15:33

Health: 0/39       AC:  5    Str: 11    XL:     5   Next: 45%
Magic:  6/6        EV: 12    Int: 15    God:
Gold:   86         SH:  0    Dex: 12    Spells: 5/6 levels left

rFire    . . .     SeeInvis .   b - +0 dagger (speed)
rCold    . . .     Faith    .   (no shield)
rNeg     . . .     Spirit   .   e - +0 leather armour
rPois    .         Reflect  .   (no helmet)
rElec    .         Harm     .   (no cloak)
rCorr    .         Rampage  .   (no gloves)
Will     .....                  l - +1 pair of boots
Stlth    +.........             (no amulet)
HPRegen  0.13/turn              (no ring)
MPRegen  0.10/turn              (no ring)

@: unable to hop, slow
A: amphibious, slowness 1, strong legs 1, +LOS
a: Hop


You were on level 3 of the Dungeon.
You visited 1 branch of the dungeon, and saw 3 of its levels.

You collected 86 gold pieces.

Inventory:

Hand Weapons
 a - a +0 shortbow
 b - a +0 dagger of speed (weapon)
Armour
 d - a +0 robe
 e - a +0 leather armour (worn)
 l - a +1 pair of boots (worn)
Scrolls
 f - a scroll of fog
 i - a scroll of blinking
Potions
 g - 2 potions of degeneration {unknown}
 h - a potion of attraction {unknown}
 j - a potion of lignification
 k - a potion of berserk rage {unknown}


   Skills:
 + Level 2.5 Fighting
 + Level 3.3 Bows
 + Level 3.1 Armour
 - Level 2.3 Dodging
 - Level 1.1 Spellcasting
 - Level 4.2 Hexes


You had 5 spell levels left.
You knew the following spells:

 Your Spells              Type           Power      Damage    Failure   Level
a - Corona                Hex            14%        N/A       5%          1

Your spell library contained the following spells:

 Spells                   Type           Power      Damage    Failure   Level
 Slow                     Hex            13%        N/A       9%          2
 Inner Flame              Hex/Fire       7%         N/A       36%         3
 Portal Projectile        Hex/Tloc       14%        N/A       36%         3
 Corpse Rot               Necr/Air       N/A        N/A       43%         2
 Poisonous Vapours        Pois/Air       0%         N/A       43%         2
 Cause Fear               Hex            6%         N/A       47%         4
 Freezing Cloud           Conj/Ice/Air   0%         6-21      100%        5


Dungeon Overview and Level Annotations

Branches:
Dungeon (3/15)

Altars:
Gozag

Shops:
D:2 (

Annotations:
D:3 1 runed translucent door, Caerwyn's ghost, amateur OgBe


Innate Abilities, Weirdness & Mutations

You are amphibious.
You cover ground slowly.
You can hop short distances.
You have an extended range of vision and can be seen from far away.


Message History

Fire: 2 arrows
Press: ? - help, Q - select action, (/) - cycle Shift-Dir - straight line, f - orc, p - orc
Aim: an orc, wielding a +2 flail of protection and wearing a +0 plate armour (heavily wounded, 70% to hit)
You shoot an arrow. The arrow barely misses the orc.
The orc hits you with a +2 flail of protection.
* * * LOW HITPOINT WARNING * * *
Hop to where?
Press: ? - help, Dir - move target, p - orc Boing!
Fire: arrow
Press: ? - help, Q - select action, (/) - cycle Shift-Dir - straight line, f - orc
Aim: an orc, wielding a +0 flail (heavily wounded, 59% to hit)
You shoot an arrow.
The arrow hits the orc but does no damage.
The orc is heavily wounded.
Your hands tingle!
b - a +0 dagger of speed (weapon)
You aren't carrying any items that you can evoke.
You hit the orc but do no damage.
The orc is heavily wounded.
You closely miss the orc.
The orc is heavily wounded.
The orc hits you but does no damage.
You barely miss the orc.
The orc is heavily wounded.
You completely miss the orc.
The orc is heavily wounded.
The orc hits you but does no damage.
You hit the orc but do no damage.
The orc is heavily wounded.
The orc misses you.
You hit the orc but do no damage.
The orc is heavily wounded.
The orc barely misses you.
You closely miss the orc.
The orc is heavily wounded.
You hit the orc.
The orc is almost dead.
The orc hits you with a +2 flail of protection!
You die...

###...####(...#.#
......####......#
.##................
...................
..............####.
....#######...#
.##.#######.o.# #
............#.####.#
..............oo@..#
..##.########.######
### ...... ......
#####.##.#......
...# ....####.###
##.# ....#.....#
#.####...#.#.#.##
#.##.#.......... .#
#. ##.##.........#.#
.#...


You could see 2 orcs.

Vanquished Creatures
  An orc priest (D:3)
  4 adders
  6 dart slugs
  2 orcs (D:3)
  7 endoplasms
  A giant cockroach (D:1)
  4 hobgoblins
  19 jackals
  9 kobolds
  A quokka (D:1)
  5 ball pythons
  8 bats
  3 frilled lizards
  5 goblins
  6 rats
81 creatures vanquished.

Vanquished Creatures (others)
  6 plants (D:3)
6 creatures vanquished.

Grand Total: 87 creatures vanquished

Notes
Turn   | Place    | Note
-------+----------+-------------------------------------------
     0 | D:1      | GeorgeSoros the Barachi Arcane Marksman began the quest for
                  | the Orb.
     0 | D:1      | Reached XP level 1. HP: 15/15 MP: 2/2
   388 | D:1      | Reached XP level 2. HP: 21/21 MP: 3/3
   417 | D:1      | Reached skill level 1 in Armour
   821 | D:1      | Reached XP level 3. HP: 12/26 MP: 4/4
  1576 | D:1      | Found a faded altar of an unknown god.
  2117 | D:1      | Reached skill level 4 in Hexes
  2489 | D:2      | Found Weiluw's Weapon Emporium.
  2530 | D:2      | Reached XP level 4. HP: 30/32 MP: 5/5
  2864 | D:2      | Found an opulent altar of Gozag.
  3409 | D:2      | HP: 2/49 [poisoned by an adder]
  4259 | D:3      | Found a runed translucent door.
  4259 | D:3      | Noticed Caerwyn's ghost (amateur OgBe)
  4377 | D:3      | Reached XP level 5. HP: 38/38 MP: 6/6
  4762 | D:3      | Slain by an orc

Illustrated notes

Levels and vault maps discovered:
D:1:      minmay_arrival_wavy_path, layout_loops_ring,
          hellmonk_ecumenical_altar_inner_sanctum
D:2:      layout_loops_corners, basic_altar, serial_shops, shop
D:3:      corexii_shack_village, layout_basic, ebering_ghost_sewer_d,
          minmay_goblin_kobold_house

Skill      XL: |  1  2  3  4  5 |
---------------+----------------+-----
Armour         | 1 2 3 |  3.1
Hexes          | 4 |  4.2
Fighting       | 2 |  2.5
Bows           | 3 |  3.3
Dodging        | |  2.3
Spellcasting   | |  1.1

Action                   |  1- 3 |  4- 6 || total
-------------------------+-------+-------++-------
Melee: Whip              |    12 |       ||    12
       Short sword       |    47 |       ||    47
       Dagger            |   163 |    88 ||   251
       Unarmed           |       |     1 ||     1
 Fire: Shortbow          |    22 |   114 ||   136
 Abil: Hop               |     5 |     5 ||    10
  Use: Scroll            |     3 |     4 ||     7
       Potion            |       |     1 ||     1
Armor: Leather armour    |    69 |    35 ||   104
       Robe              |     1 |       ||     1
       Skin              |       |     2 ||     2
Dodge: Dodged            |   176 |   113 ||   289
